[Event "Vegagatan U1800-B"]
[Site "Goteborgs Schackcentrum, Vegatan 20, Gothenburg, Sweden"]
[Date "2025.05.03"]
[Round "1.1"]
[White "Hernebring, Marten"]
[Black "Olivius, Sten"]
[Result "0-1"]
[TimeControl "30 minutes + 30 seconds per move from move one"]
[WhiteFideId "1776894"]
[BlackFideId "1788728"]
[WhiteElo "1679"]
[BlackElo "1678"]

1. c4 e5 2. g3 Nc6 3. Nc3 Nf6 4. a3 a5 5. Bg2 Bc5 6. e3 O-O 7. Nge2 d6 8. O-O Re8 9. d4 exd4 10.
exd4 Ba7 11. b3 Bg4 12. h3 Bxe2 13. Nxe2 Qe7 14. Be3 Rad8 15. Nc3 Qd7 16. Kh2 Ne7 17. Bxb7 c6 18. Ba6 Qc7 19.
b4 Nf5 20. Qd2 Ne4 21. Nxe4 Rxe4 22. d5 Nxe3 23. fxe3 Rxe3 24. c5 Rde8 25. dxc6 dxc5 26. Qd7 Qxg3+ 27. Kh1 Qg6 28. Bd3 Qh5 29.
Bxh7+ Kxh7 30. Qf5+ Qxf5 31. Rxf5 Kg6 32. Raf1 R8e7 33. h4 Rh3+ 34. Kg2 Rxh4 35. bxc5 Rc4 36. Rd5 Bxc5 37. Rd7 Rxd7 38.
cxd7 Rd4 39. Rc1 Bxa3 40. Rc7 Kf6 41. Ra7 Bb4 42. Kf3 Ke6 43. Ke3 Rxd7 44. Ra6+ Rd6 45. Ra7 Bc5+ 0-1

[Event "Vegagatan U1800-B"]
[Site "Goteborgs Schackcentrum, Vegatan 20, Gothenburg, Sweden"]
[Date "2025.05.03"]
[Round "1.2"]
[White "Hemmerling, Martin"]
[Black "Hassinge, Ove"]
[Result "1-0"]
[TimeControl "30 minutes + 30 seconds per move from move one"]
[WhiteFideId "1795724"]
[BlackFideId "1774530"]
[WhiteElo "1788"]
[BlackElo "1652"]

1. d4 Nf6 2. Nc3 d5 3. Bf4 c5 4. e3 cxd4 5. exd4 a6 6. Bd3 Nc6 7. Nce2 Nb4 8. Nf3 Nxd3+ 9. Qxd3 e6 10.
Ne5 Be7 11. h4 Qb6 12. O-O-O Ne4 13. f3 Nf2 14. Qe3 Nxd1 15. Rxd1 Bxh4 16. Rh1 Bf6 17. g4 Bxe5 18. Bxe5 f6 19.
Bg3 Kf7 20. g5 Bd7 21. Qf4 Rac8 22. gxf6 g6 23. Qh6 Rcg8 24. Be5 Qd8 25. Nf4 g5 26. Qh5+ Kf8 27. Ng6+ Rxg6 28. Qxg6 Rg8 29.
Qxh7 Qe8 30. Qh6+ Kf7 31. Qh5+ Kf8 32. Qxe8+ Bxe8 33. Rh7 Bf7 34. Rg7 Bh5 35. Bd6+ 1-0

[Event "Vegagatan U1800-B"]
[Site "Goteborgs Schackcentrum, Vegatan 20, Gothenburg, Sweden"]
[Date "2025.05.03"]
[Round "1.3"]
[White "Kadyr, Mustafa"]
[Black "Bjureblad, Martin"]
[Result "0-1"]
[TimeControl "30 minutes + 30 seconds per move from move one"]
[WhiteFideId "1772147"]
[BlackFideId "1717928"]
[WhiteElo "1686"]
[BlackElo "1645"]

1. e4 c5 2. c3 Nc6 3. d4 cxd4 4. cxd4 d5 5. exd5 Qxd5 6. Nf3 e6 7. Nc3 Bb4 8. Bd2 Qa5 9. a3 Bxc3 10.
Bxc3 Qh5 11. Be2 Qg4 12. O-O Nf6 13. h3 Qe4 14. Re1 Qd5 15. Ne5 O-O 16. Bc4 Qd6 17. Rc1 a6 18. Bb3 Rd8 19.
Nxc6 bxc6 20. Qf3 Rb8 21. Ba2 Rb5 22. Bb4 Qxd4 23.
Bc3 Qh4 24. Qxc6 Rg5 25. Bxf6 gxf6 26. Qc3 Bb7 27. g4 Rxg4+ 28. Kf1 Bg2+ 0-1

[Event "Vegagatan U1800-B"]
[Site "Goteborgs Schackcentrum, Vegatan 20, Gothenburg, Sweden"]
[Date "2025.05.03"]
[Round "1.4"]
[White "Zein, Khalil"]
[Black "Vairav, Vihaan"]
[Result "1-0"]
[TimeControl "30 minutes + 30 seconds per move from move one"]
[WhiteFideId "1776118"]
[BlackFideId "1783971"]
[WhiteElo "1656"]
[BlackElo "1666"]

1. e4 c5 2. Nf3 Nc6 3. c3 e6 4. d4 d5 5. e5 cxd4 6. Nxd4 Nxe5 7. Qh5 Ng6 8. Bb5+ Bd7 9. Bxd7+ Qxd7 10.
O-O Nf6 11. Qe2 Bc5 12. f4 Bxd4+ 13. cxd4 O-O 14. f5 exf5 15. Qf2 Rac8 16. Nc3 Ne4 17. Qxf5 Qxf5 18. Rxf5 Nxc3 19. bxc3 Ne7 20. Re5 Rfe8 21.
Ba3 Ng6 22. Rxd5 Rxc3 23. Bb4 Rcc8 24. Rd7 Red8 25. Rxb7 Rxd4 26. Rf1 f6 27. a3 Ra8 28. Rc1 Nf4 29. Rcc7 Nd5 30. Rxg7+ 1-0

[Event "Vegagatan U1800-B"]
[Site "Goteborgs Schackcentrum, Vegatan 20, Gothenburg, Sweden"]
[Date "2025.05.03"]
[Round "2.1"]
[White "Hassinge, Ove"]
[Black "Hernebring, Marten"]
[Result "0-1"]
[TimeControl "30 minutes + 30 seconds per move from move one"]
[WhiteFideId "1774530"]
[BlackFideId "1776894"]
[WhiteElo "1652"]
[BlackElo "1679"]

1. e4 e5 2. Nf3 Nc6 3. Bc4 Nf6 4. Ng5 d5 5. exd5 Na5 6. Bb5+ c6 7. dxc6 bxc6 8. Bd3 Nd5 9. h4 Nf4 10.
Bf1 h6 11. Ne4 Nb7 12. d3 Ne6 13. Nbc3 Nbc5 14. Be3 Nxe4 15. dxe4 Bb7 16. Bc4 Bb4 17. Qxd8+ Kxd8 18.
O-O-O+ Kc7 19. Ne2 Rhe8 20. c3 Ba5 21. Rd3 Bb6 22. Bxb6+ axb6 23. Rhd1 Nc5 24. R3d2 Re7 25. f3 b5 26.
Bb3 Nxb3+ 27. axb3 c5 28. Kc2 Ra6 29. Ng3 g6 30. Nf1 f5 31. exf5 gxf5 32. Ne3 f4 33. Nd5+ Bxd5 34. Rxd5 Rc6 35.
Re1 Rg6 36. Re2 Kc6 37. Rdxe5 Rxe5 38. Rxe5 Rxg2+ 39. Kd3 Rxb2 40. Re6+ Kd5 41. Rxh6 Rxb3 42. Rh5+ Kd6 43. Kc2 Ra3 44.
Kb2 b4 45. Rg5 Rxc3 46. h5 Rxf3 47. h6 Rh3 48. Rf5 Rxh6 49. Rxf4 Rh3 50. Rf5 Kc6 51. Rf8 Kb5 52. Rf5 Rd3 53.
Rh5 Kc4 54. Rh4+ Rd4 55. Rh5 Rd2+ 56. Kc1 Rd5 57. Rh4+ Kb5 58. Kc2 c4 59. Rg4 b3+ 60. Kb2 Rd2+ 61. Kc1 Rc2+ 62. Kb1 Kb4 63.
Rh4 Rd2 64. Rg4 Kc3 65. Rg3+ Rd3 66. Rg1 Rh3 67. Rc1+ Kb4 68. Rg1 c3 69. Rf1 Ka3 70. Rc1 c2+ 0-1

[Event "Vegagatan U1800-B"]
[Site "Goteborgs Schackcentrum, Vegatan 20, Gothenburg, Sweden"]
[Date "2025.05.03"]
[Round "2.2"]
[White "Olivius, Sten"]
[Black "Kadyr, Mustafa"]
[Result "1-0"]
[TimeControl "30 minutes + 30 seconds per move from move one"]
[WhiteFideId "1788728"]
[BlackFideId "1772147"]
[WhiteElo "1678"]
[BlackElo "1686"]

1. e4 e5 2. Nf3 Nc6 3. Nc3 Nf6 4. Bb5 d6 5. d4 exd4 6. Nxd4 Bd7 7. Nxc6 Bxc6 8. Bxc6+ bxc6 9. O-O Be7 10.
Qf3 O-O 11. Bg5 h6 12. Bh4 Qd7 13. Rad1 Rfe8 14. Rfe1 Rad8 15. e5 Nh7 16. Bxe7 Rxe7 17. exd6 Rxe1+ 18. Rxe1 cxd6 19. Ne4 d5 20.
Nc5 Qc7 21. h4 Qb6 22. Nb3 Nf6 23. Re7 Re8 24. Rxe8+ Nxe8 25. Qe3 Qxe3 26. fxe3 Nd6 27. Nd4 c5 28. Nc6 Kf8 29. Nxa7 Nc4 30.
Kf2 Nxb2 31. Nb5 Ke7 32. Ke2 Nc4 33. Kd3 Nb6 34. e4 d4 35. Nc7 Kd7 36. Nd5 Na4 37. Kc4 Kc6 38. Ne7+ Kb6 39.
Nf5 g6 40. Nxh6 Nc3 41. Nxf7 Nxe4 42. Ne5 g5 43. hxg5 Nxg5 44. Nd7+ 1-0

[Event "Vegagatan U1800-B"]
[Site "Goteborgs Schackcentrum, Vegatan 20, Gothenburg, Sweden"]
[Date "2025.05.03"]
[Round "2.3"]
[White "Zein, Khalil"]
[Black "Hemmerling, Martin"]
[Result "0-1"]
[TimeControl "30 minutes + 30 seconds per move from move one"]
[WhiteFideId "1776118"]
[BlackFideId "1795724"]
[WhiteElo "1656"]
[BlackElo "1788"]

1. e4 c6 2. d4 d5 3. f3 dxe4 4. fxe4 e5 5. Nf3 Bg4 6. Bc4 Nd7 7. O-O Ngf6 8. Bg5 Qb6 9. b3 Bxf3 10.
Rxf3 Qxd4+ 11. Qxd4 exd4 12. Bxf6 gxf6 13. e5 Nxe5 14. Rxf6 Nxc4 15. bxc4 Bg7 16. Rf3 O-O-O 17. Nd2 d3 18.
Rc1 Bh6 19. cxd3 Bxd2 20. Rd1 Bc3 21. Rxf7 Bd4+ 22. Kh1 Rdf8 23. Re7 Rf2 24. Re4 c5 25. g4 h5 26. h4 hxg4 27. Rxg4 Bf6 28.
Kg1 Rxa2 29. Rf1 Ra1 30. Rxa1 Bxa1 31. Rg5 Bd4+ 0-1

[Event "Vegagatan U1800-B"]
[Site "Goteborgs Schackcentrum, Vegatan 20, Gothenburg, Sweden"]
[Date "2025.05.03"]
[Round "2.4"]
[White "Vairav, Vihaan"]
[Black "Bjureblad, Martin"]
[Result "0-1"]
[TimeControl "30 minutes + 30 seconds per move from move one"]
[WhiteFideId "1783971"]
[BlackFideId "1717928"]
[WhiteElo "1666"]
[BlackElo "1645"]

1. d4 d5 2. c4 e6 3. Nc3 c5 4. e3 Nc6 5. Nf3 a6 6. cxd5 exd5 7. Be2 Nf6 8. O-O h6 9. dxc5 Bxc5 10.
Bd2 O-O 11. Re1 Bf5 12. Nh4 Bh7 13. Bf3 Nb4 14. Rc1 Nd3 15. Be2 Nxe1 16. Qxe1 Bb4 17. a3 Bxc3 18. Rxc3 Ne4 19. Rc1 Qxh4 20. f3 Qxe1+ 21. Bxe1 Nf6 22. Bb4 Rfc8 23. Rxc8+ Rxc8 24.
Kf2 Rc2 25. Ke1 Rxb2 26. Bc3 Rb1+ 27. Kf2 Nd7 28. Kg3 Rb3 29. Bd4 Rxa3 0-1

[Event "Vegagatan U1800-B"]
[Site "Goteborgs Schackcentrum, Vegatan 20, Gothenburg, Sweden"]
[Date "2025.05.03"]
[Round "3.1"]
[White "Kadyr, Mustafa"]
[Black "Hassinge, Ove"]
[Result "1-0"]
[TimeControl "30 minutes + 30 seconds per move from move one"]
[WhiteFideId "1772147"]
[BlackFideId "1774530"]
[WhiteElo "1686"]
[BlackElo "1652"]

1. e4 c5 2. c3 d5 3. exd5 Qxd5 4. d4 cxd4 5. cxd4 e5 6. Nf3 exd4 7. Qxd4 Qe6+ 8. Be3 Nc6 9. Qd1 Bb4+ 10. Nc3 Bxc3+ 11. bxc3 Nf6 12.
Be2 O-O 13. O-O Rd8 14. Qb3 Na5 15. Qb2 Nc4 16. Bxc4 Qxc4 17. h3 b6 18. Bg5 Qc6 19. Nd4 Qd6 20. Rad1 Bb7 21. Nb5 Qc6 22.
f4 h6 23. Bxf6 Qxf6 24. Rxd8+ Qxd8 25. Nd4 Qd5 26. Re1 Qd6 27. Qd2 Rd8 28. Qf2 Qc5 29. Rc1 Be4 30. Nb3 Qxf2+ 31. Kxf2 f5 32.
Nd4 Kf7 33. g4 Kf6 34. g5+ hxg5 35. fxg5+ Kf7 36. h4 g6 37. Kg3 Rd7 38. Kf4 a6 39. h5 gxh5 1-0

[Event "Vegagatan U1800-B"]
[Site "Goteborgs Schackcentrum, Vegatan 20, Gothenburg, Sweden"]
[Date "2025.05.03"]
[Round "3.2"]
[White "Hernebring, Marten"]
[Black "Zein, Khalil"]
[Result "0-1"]
[TimeControl "30 minutes + 30 seconds per move from move one"]
[WhiteFideId "1776894"]
[BlackFideId "1776118"]
[WhiteElo "1679"]
[BlackElo "1656"]

1. c4 g6 2. g3 Bg7 3. Bg2 Nf6 4. Nf3 d6 5. Nc3 e5 6. d4 Nc6 7. d5 Ne7 8. e4 O-O 9. h3 Nd7 10.
Be3 Nb6 11. Nd2 f5 12. f3 f4 13. Bf2 fxg3 14. Bxg3 Bh6 15. b3 g5 16. c5 Nd7 17. cxd6 cxd6 18. Nc4 Qc7 19. Nb5 Qc5 20.
Nbxd6 b5 21. Nxc8 Raxc8 22. Nxe5 Qc3+ 23. Kf2 Qb2+ 24. Kg1 Nxe5 25. Bxe5 Qxe5 26. d6 Ng6 27. d7 Rcd8 28. Rc1 g4 29.
Rc8 gxf3 30. Qxf3 Qd4+ 31. Kf1 Rxf3+ 32. Bxf3 Qxd7 33. Bg4 Qf7+ 34. Kg2 Rxc8 35. Bxc8 Nf4+ 36. Kg1 Qc7 37. Bg4 Qc1+ 38. Kh2 Qd2+ 0-1

[Event "Vegagatan U1800-B"]
[Site "Goteborgs Schackcentrum, Vegatan 20, Gothenburg, Sweden"]
[Date "2025.05.03"]
[Round "3.3"]
[White "Bjureblad, Martin"]
[Black "Olivius, Sten"]
[Result "0-1"]
[TimeControl "30 minutes + 30 seconds per move from move one"]
[WhiteFideId "1717928"]
[BlackFideId "1788728"]
[WhiteElo "1645"]
[BlackElo "1678"]

1. e4 e6 2. Nf3 d5 3. exd5 exd5 4. d4 Nf6 5. Be2 Bd6 6. Nc3 O-O 7. Bg5 c6 8. O-O Bf5 9. Nh4 Be6 10.
f4 h6 11. Bxf6 Qxf6 12. g3 a5 13. a4 Na6 14. f5 Bd7 15. Kg2 Rfe8 16. Bxa6 Rxa6 17. Qd3 Raa8 18. Ne2 Re4 19. c3 Rae8 20.
Rf2 Qg5 21. Kh1 c5 22. Raf1 c4 23.
Qc2 Bxa4 24. Qxa4 Rxe2 25. Qxa5 Bxg3 26. Nf3 Qh5 27. Rg2 Qh3 28. Rfg1 Rxg2 29. Rxg2 Bh4 30. Qxd5 Re3 31. Ng1 Re1 32.
Qxb7 Qe3 33. Qc8+ Kh7 34. Qc6 Bf2 35. f6 Rxg1+ 36. Rxg1 Bxg1 37. fxg7 Bf2 38. g8=Q+ Kxg8 39. Qc8+ Kg7 40. Qg4+ Kf6 41. Kg2 Be1 42. Kh1 0-1

[Event "Vegagatan U1800-B"]
[Site "Goteborgs Schackcentrum, Vegatan 20, Gothenburg, Sweden"]
[Date "2025.05.03"]
[Round "3.4"]
[White "Hemmerling, Martin"]
[Black "Vairav, Vihaan"]
[Result "1/2-1/2"]
[TimeControl "30 minutes + 30 seconds per move from move one"]
[WhiteFideId "1795724"]
[BlackFideId "1783971"]
[WhiteElo "1788"]
[BlackElo "1666"]

1. d4 Nf6 2. Nc3 d5 3. Bf4 c5 4. e3 a6 5. Nf3 cxd4 6. exd4 Bg4 7. h3 Bh5 8. Bd3 Nc6 9. g4 Bg6 10.
Bxg6 hxg6 11. Qd2 e6 12. a3 Nd7 13. Ne2 Nb6 14. b3 a5 15. a4 Qe7 16. c3 Qd7 17. Kf1 Bd6 18. Kg2 Rc8 19. Rae1 Qc7 20. Bxd6 Qxd6 21.
Qf4 Qxf4 22. Nxf4 Nd8 23. Re3 Nd7 24. Nxd5 Nc6 25. Nf4 O-O 26. Nd3 Na7 27. Nde5 Nf6 28. c4 Rfd8 29. Rd3 Nc6 30.
Nxc6 bxc6 31. Ne5 Nd7 32. Rhd1 Nxe5 33. dxe5 Rxd3 34. Rxd3 Kf8 35. c5 Ke7 36. Kf3 Rd8 37. Rxd8 Kxd8 38.
Ke3 f6 39. f4 f5 40. g5 Kd7 41. Kd4 Kc7 42. Kc4 Kb7 43. b4 axb4 44. Kxb4 Ka7 45. Ka5 1/2-1/2

[Event "Vegagatan U1800-B"]
[Site "Goteborgs Schackcentrum, Vegatan 20, Gothenburg, Sweden"]
[Date "2025.05.03"]
[Round "4.1"]
[White "Zein, Khalil"]
[Black "Kadyr, Mustafa"]
[Result "0-1"]
[TimeControl "30 minutes + 30 seconds per move from move one"]
[WhiteFideId "1776118"]
[BlackFideId "1772147"]
[WhiteElo "1656"]
[BlackElo "1686"]

1. e4 e5 2. Nf3 Nc6 3. Bc4 Bc5 4. c3 Nf6 5. d3 h6 6. b4 Bb6 7. b5 Na5 8. Nxe5 Nxc4 9. Nxc4 O-O 10.
O-O d5 11. Nxb6 axb6 12. e5 Nh7 13. d4 Bd7 14. Qb3 c6 15. bxc6 bxc6 16. Ba3 Re8 17. Bd6 f6 18. f4 fxe5 19.
fxe5 Ng5 20. c4 Be6 21. c5 bxc5 22. Bxc5 Ne4 23. Bb4 Qb6 24. Rc1 Qxd4+ 25. Kh1 Nf2+ 26. Kg1 Nh3+ 27. Kh1 Qg1+ 28.
Rxg1 Nf2# 0-1

[Event "Vegagatan U1800-B"]
[Site "Goteborgs Schackcentrum, Vegatan 20, Gothenburg, Sweden"]
[Date "2025.05.03"]
[Round "4.2"]
[White "Hassinge, Ove"]
[Black "Bjureblad, Martin"]
[Result "1-0"]
[TimeControl "30 minutes + 30 seconds per move from move one"]
[WhiteFideId "1774530"]
[BlackFideId "1717928"]
[WhiteElo "1652"]
[BlackElo "1645"]

1. e4 c5 2. Nf3 Nc6 3. d4 cxd4 4. Nxd4 e5 5. Nb5 d6 6. N1c3 a6 7. Na3 b5 8. Nd5 Nf6 9. Bd3 Be7 10.
O-O O-O 11. c4 bxc4 12. Nxc4 Rb8 13. b3 Nb4 14. Nxb4 Rxb4 15. Ba3 Rb8 16. Ne3 Bb7 17. f3 Qb6 18. Qd2 Rfe8 19. Kh1 d5 20. Bxe7 Rxe7 21. exd5 Rd8 22.
Nc4 Qd4 23. d6 Ree8 24. Rad1 Qh4 25.
Qb4 Bc8 26. Qa5 Nh5 27. Qe1 Qf6 28. Qe4 g6 29. Rfe1 Bf5 30. Qe3 Be6 31. Qxe5 Qh4 32. g3 Qf6 33. Qxf6 Nxf6 34. Bf1 Nd5 35.
Rd2 Kg7 36. Kg1 h5 37. Kf2 Rf8 38. Re5 Nc3 39. Ra5 Bc8 40. Nb6 Bb7 41. Bxa6 Bc6 42. Bf1 Nb1 43. Rd4 Rb8 44. Nc4 Nc3 45.
Bh3 Nb5 46. Rd2 Rfd8 47. Ra6 Ba8 48. Ne5 f6 49. Nc6 Bxc6 50. Rxc6 f5 51. Bf1 Na7 52. Rc7+ Kf6 53. Rxa7 Rb6 54.
Ra6 Rb7 55. Bc4 Rbd7 56. a4 Rb7 57. Rd3 Kg5 58. h4+ Kh6 59. Rc6 Re8 60. Rc7 Rbb8 61. d7 Red8 62. Bb5 g5 63. hxg5+ Kxg5 64.
Rdc3 Rxd7 65. Rxd7 h4 66. gxh4+ Kxh4 67. Rg7 Rd8 68. Rd3 Rc8 69. Bc4 Kh5 70. Rd1 Kh6 71. Rg3 1-0

[Event "Vegagatan U1800-B"]
[Site "Goteborgs Schackcentrum, Vegatan 20, Gothenburg, Sweden"]
[Date "2025.05.03"]
[Round "4.3"]
[White "Hemmerling, Martin"]
[Black "Hernebring, Marten"]
[Result "1/2-1/2"]
[TimeControl "30 minutes + 30 seconds per move from move one"]
[WhiteFideId "1795724"]
[BlackFideId "1776894"]
[WhiteElo "1788"]
[BlackElo "1679"]

1. d4 d5 2. Nc3 e6 3. Bf4 Bb4 4. e3 Nf6 5. Nge2 O-O 6. a3 Ba5 7. b4 Bb6 8. Ng3 a5 9. Bd3 axb4 10.
axb4 Rxa1 11. Qxa1 Re8 12. O-O c6 13. Bxb8 Nd7 14. Bd6 e5 15. dxe5 Nxe5 16. Bxe5 Rxe5 17. Na4 Bc7 18. Nc5 h5 19.
Qd4 h4 20. f4 hxg3 21. fxe5 Qg5 22. Qf4 gxh2+ 23. Kh1 Qh5 24. Qf3 Bg4 25. Qf2 b6 26. Nb3 Bxe5 27. Bf5 f6 28. Bxg4 Qxg4 29.
Qf3 Qxb4 30. Rd1 g5 31. Nd4 Qc4 32. Nxc6 Qxc6 33. Qxd5+ Qxd5 34. Rxd5 Kf7 35. Rb5 Bc7 36. Rb3 Ke6 37.
Rc3 Kd7 38. e4 Be5 39. Rd3+ Ke6 40. g3 Bc7 41. Kxh2 Ke5 42. Rd7 Bd6 43. Rb7 Bc5 44. Rf7 Bd4 45. Re7+ Kd6 46. Re8 Kd7 47.
Ra8 Kd6 48. Kg2 Bc5 49. g4 Ke5 50. Kf3 Kd4 51. Ra2 Kc3 52. Ke2 Kd4 53. Ra4+ Kc3 54. Kd1 Bd4 55. Ra3+ Kc4 56. Kd2 Bc5 57.
Rb3 Kd4 58. Re3 Ke5 59. Re2 Kf4 60. Kd3 Kxg4 61. e5 fxe5 62. Rxe5 Kf4 63. Re6 g4 64. Ke2 g3 65. Kf1 Kf3 66.
Rf6+ Ke3 67. Kg2 Kd2 68. c4 Bf2 69. Rg6 Kd3 70. Rg4 Bd4 71. Kxg3 Kxc4 72. Kf3 b5 73. Ke2 b4 74. Kd1 Kc3 75.
Kc1 b3 76. Rg3+ Kc4 77. Kb1 Bc3 78. Rg8 1/2-1/2

[Event "Vegagatan U1800-B"]
[Site "Goteborgs Schackcentrum, Vegatan 20, Gothenburg, Sweden"]
[Date "2025.05.03"]
[Round "4.4"]
[White "Vairav, Vihaan"]
[Black "Olivius, Sten"]
[Result "0-1"]
[TimeControl "30 minutes + 30 seconds per move from move one"]
[WhiteFideId "1783971"]
[BlackFideId "1788728"]
[WhiteElo "1666"]
[BlackElo "1678"]

1. d4 f5 2. c4 Nf6 3. Nc3 e6 4.
Bf4 d6 5. e3 Nc6 6. Nf3 Be7 7. Be2 O-O 8. O-O Nh5 9. Qc2 Bf6 10. Rad1 Qe7 11. Bg3 Nxg3 12. hxg3 Qf7 13. e4 Ne7 14.
d5 e5 15. Nb5 fxe4 16. Qxe4 Nf5 17. Qc2 a6 18. Nc3 Bd7 19. Bd3 g6 20. Qb3 Rab8 21. Ne4 h6 22. c5 Qe8 23. g4 Ba4 24.
Qc3 Bxd1 25. Rxd1 Nd4 26. cxd6 cxd6 27. Qc1 Nxf3+ 28. gxf3 Bg7 29. Nxd6 Qd7 30. Nc4 Rxf3 31. Ne3 Rbf8 32.
Rf1 Qd6 33. Qc4 R3f4 34. Qc2 Kh7 35. Qe2 e4 36. Bc4 Bd4 37. Ng2 Rxf2 38. Rxf2 Rxf2 39. Qxf2 Bxf2+ 40. Kxf2 Qb6+ 41. Kg3 Qc7+ 0-1